 Dungeon Crawl Stone Soup version 0.20.0-4-g10b340a (webtiles) character file.

47 Freeplumber the Digger (level 3, 0/30 HPs)
             Began as a Deep Dwarf Earth Elementalist on May 27, 2017.
             Slain by an iguana (10 damage)
             ... on level 2 of the Dungeon.
             The game lasted 00:09:01 (932 turns).

Freeplumber the Digger (DDEE)                        Turns: 932, Time: 00:09:02

Health: 0/30       AC:  2    Str: 11    XL:     3   Next: 48%
Magic:  3/6        EV: 13    Int: 18    God:
Gold:   26         SH:  0    Dex: 14    Spells: 0/6 levels left

rFire    . . .     SeeInvis .   l - +0 war axe
rCold    . . .     Gourm    .   (no shield)
rNeg     . . .     Faith    .   c - +0 robe
rPois    .         Spirit   .   (no helmet)
rElec    .         Reflect  .   (no cloak)
rCorr    .         Harm     .   (no gloves)
MR       .....                  (no boots)
Stlth    ++........             (no amulet)
Regen    0.0/turn               h - +3 ring of intelligence
MPRegen  0.1/turn               (no ring)

@: non-regenerating
A: damage resistance, heal wounds, sense surroundings 1, no regeneration
a: Heal Wounds


You were on level 2 of the Dungeon.
You were hungry.

You visited 1 branch of the dungeon, and saw 2 of its levels.

You collected 26 gold pieces.

Inventory:

Hand Weapons
 a - a +0 hunting sling
 g - a +0 short sword
 l - a +0 war axe (weapon)
Missiles
 b - 37 stones (quivered)
Armour
 c - a +0 robe (worn)
Jewellery
 h - a +3 ring of intelligence (left hand)
Potions
 k - a potion of brilliance {unknown}
Books
 e - a book of Geomancy

   Spells                             Type                      Level
   a - Sandblast                      Earth                        1
   b - Passwall                       Transmutation/Earth          2
   c - Stone Arrow                    Conjuration/Earth            3
   d - Petrify                        Transmutation/Earth          4
   e - Lee's Rapid Deconstruction     Earth                        5
Comestibles
 d - a bread ration
 f - a fruit
 i - 2 meat rations


   Skills:
 + Level 0.3 Fighting
 + Level 2.5 Dodging
 + Level 2.6 Stealth
 + Level 1.0 Unarmed Combat
 + Level 2.1 Spellcasting
 + Level 0.8 Transmutations
 + Level 4.8 Earth Magic


You couldn't memorise any spells.
You knew the following spells:

 Your Spells              Type           Power        Failure   Level  Hunger
a - Sandblast             Erth           ###...       2%          1    #......
b - Passwall              Tmut/Erth      ##........   9%          2    ###....
c - Stone Arrow           Conj/Erth      ##....       21%         3    ###....


Dungeon Overview and Level Annotations

Branches:
Dungeon (2/15)

Altars:
Qazlal
Uskayaw
Zin

Annotations:
D:2 1 transporter


Innate Abilities, Weirdness & Mutations

You are resistant to damage.
You can heal yourself by infusing magical energy.
You passively map a small area around you.
You do not regenerate.


Message History

The hound closely misses you. The iguana bites you!
* * * LOW HITPOINT WARNING * * *
The hound completely misses you.
It was a potion of curing.
You feel better. The hound barely misses you. The iguana misses you.
Casting: Sandblast
Confirm with . or Enter, or press ? or * to list all spells.
Aiming: Sandblast
Press: ? - help, Shift-Dir - straight line, f/p - hound
Aim: a hound (lightly wounded)
The blast of sand hits the hound.
The hound is heavily wounded.
b - 37 stones The hound closely misses you.
The iguana misses you. The hound barely misses you.
You closely miss the hound.
The hound is heavily wounded.
You hit the iguana. The hound barely misses you. The iguana barely misses you.
The hound bites you. The iguana bites you!
You die...

#.# #.#...#.#.## , ####.#
#.##.##.#.#. *
##....######.##.##.#... #,
#####............##.##.#...
#.###..........).....##........
#.....#########..#########.....
#..#.##8_._._8##....#####......
#. #.#.$($$!?$.#.##............
#..#.#.......l@#.########......
#..#.#.......†h#.# ##.....
#....#©....)...#.# ##....
##.#.#...[.....#.# .....
#.#.#.........#.# ,#...# #
#.#.........#.# ###.#
#.##8.....8##.# .# *
#..#########..# .#
,#......©.s...## *


You could see an iguana and a hound.

Vanquished Creatures
  An adder (D:2)
  2 oozes (D:1)
  2 leopard geckos
  2 bats (D:1)
  4 goblins
  3 hobgoblins
  6 jackals
  3 kobolds (D:1)
  2 rats
25 creatures vanquished.

Notes
Turn   | Place    | Note
-------+----------+-------------------------------------------
     0 | D:1      | Freeplumber the Deep Dwarf Earth Elementalist began the quest for the Orb.
     0 | D:1      | Reached XP level 1. HP: 15/15 MP: 3/3
   131 | D:1      | Reached XP level 2. HP: 19/22 MP: 1/4
   652 | D:1      | Reached skill level 1 in Unarmed Combat
   652 | D:1      | Reached XP level 3. HP: 24/28 MP: 3/5
   780 | D:1      | Learned a level 2 spell: Passwall
   846 | D:2      | Found a stormy altar of Qazlal.
   848 | D:2      | Found a hide-covered altar of Uskayaw.
   855 | D:2      | Found a glowing silver altar of Zin.
   911 | D:2      | Learned a level 3 spell: Stone Arrow
   932 | D:2      | Slain by an iguana

Skill      XL: |  1  2  3 |
---------------+----------+-----
Unarmed Combat | 1 |  1.0
Spellcasting   | 2 |  2.1
Fighting       | |  0.3
Dodging        | |  2.5
Stealth        | |  2.6
Transmutations | |  0.8
Earth Magic    | |  4.8

Action                   || total
-------------------------++-------
Melee: Unarmed           ||    39
       Short sword       ||    37
       War axe           ||     4
 Cast: Sandblast         ||    23
 Abil: Heal Wounds       ||     1
  Use: Scroll            ||     2
       Potion            ||     2
Armor: Robe              ||    23
Dodge: Dodged            ||    93
